 Dungeon Crawl Stone Soup version 0.30-a0-870-gc5d4c5acee (webtiles) character file.

Game seed: 10156882902380121045

60 Gerhazo the Conjurer (level 3, 0/19 HPs)
             Began as a Deep Elf Conjurer on Mar 11, 2023.
             Succumbed to an adder's poison
             ... on level 3 of the Dungeon.
             The game lasted 00:01:50 (871 turns).

Gerhazo the Conjurer (Deep Elf Conjurer)             Turns: 871, Time: 00:01:51

Health: 0/19       AC:  2    Str:  4    XL:     3   Next: 80%
Magic:  7/10       EV: 12    Int: 24    God:
Gold:   43         SH:  0    Dex: 13    Spells: 7/10 levels left

rFire   . . .      SeeInvis .    f - +2 dagger (venom)
rCold   . . .      Faith    .    (no shield)
rNeg    . . .      Spirit   .    a - +0 robe
rPois   .          Reflect  .    (no helmet)
rElec   .          Rampage  .    i - scarf {repulsion}
rCorr   .                        (no gloves)
Will    .....                    (no boots)
Stlth   ++                       (no amulet)
HPRegen 0.23/turn                (no ring)
MPRegen 0.12/turn                (no ring)

@: lethally poisoned (0 -> -3), weak-willed, repel missiles
A: no striking features
a: no special abilities


You were on level 3 of the Dungeon.
You visited 1 branch of the dungeon, and saw 3 of its levels.

You collected 43 gold pieces.

Inventory:

Hand Weapons
 f - a +2 dagger of venom (weapon)
Missiles
 j - 5 poisoned darts
Armour
 a - a +0 robe (worn)
 i - a scarf of repulsion (worn)
Potions
 b - a potion of magic


   Skills:
 - Level 2.4 Dodging
 - Level 2.4 Stealth
 + Level 4.1 Spellcasting
 * Level 5.5 Conjurations


You had 7 spell levels left.
You knew the following spells:

 Your Spells              Type           Power      Damage    Failure   Level
a - Magic Dart            Conj           100%       1d8       1%          1
b - Searing Ray           Conj           62%        2d6       1%          2

Your spell library contained the following spells:

 Spells                   Type           Power      Damage    Failure   Level
 Dazzling Flash           Conj/Hex       36%        N/A       10%         3
 Summon Guardian Golem    Hex/Summ       4%         N/A       28%         3
 Fulminant Prism          Conj/Hex       9%         3d7       30%         4
 Iskenderun's Mystic Bla  Conj/Tloc      18%        2d6       30%         4
 Orb of Destruction       Conj           15%        9d7       100%        7
 Spellforged Servitor     Conj/Summ      9%         N/A       100%        7


Dungeon Overview and Level Annotations

Branches:
Dungeon (3/15)

Altars:

Shops:
D:2 :


Message History

You are poisoned.
The adder poisons you!
You feel very sick. The adder bites you. x2
The adder attacks as you move away! The adder bites you but does no damage.
You feel sick. The adder barely misses you.
Aiming: Searing Ray (safe; 1% risk of failure)
Press: ? - help, Q - select action, (/) - cycle Shift-Dir - straight line, f - adder
Aim: an adder (66% to hit)
The searing ray hits the adder.
The adder is heavily wounded. (Press . to maintain the ray.)
You feel sick. The adder bites you.
* * * LOW HITPOINT WARNING * * *
You are lethally poisoned!
The adder poisons you! The adder bites you but does no damage.
Unknown command.
Unknown command.
The searing ray hits the adder!
You kill the adder!
* * * LOW HITPOINT WARNING * * *
You feel sick.
Unknown command.
Okay, then.
Okay, then.
As you read the scroll labelled CELUCZ PEODGH, it crumbles to dust.
You assume a fearsome visage.
Nothing appears to happen.
It was a scroll of fear.
* * * LOW HITPOINT WARNING * * *
You feel sick.
Unknown command.
As you read the scroll labelled POIPNA ZIBBU, it crumbles to dust.
Magic quickly surges around you.
It was a scroll of vulnerability.
You hear the rusting of a drain.
* * * LOW HITPOINT WARNING * * *
You feel sick.
Unknown command.
As you read the scroll labelled MUASIR KEFUOT, it crumbles to dust.
The scroll dissolves into smoke.
It was a scroll of fog.
You die...

#...........#.....#
#..........##.....#
#......##.#######...#
...##...#~##~~†~~##..#
. #..#.#~#.#####.#..#
#....#~#~# ##~#..#
#...##~#§#
~#~#..####### ....
#~#§# ~#~#.........
.....
#~#@###.#†#.........
#~##§§~~#~#†........
#~#######.#.........
##~~†.†~~##.........
##########..........
###...#.##............
......................
..!......#............
..........#.###.######


There were no monsters in sight!

Vanquished Creatures
  4 adders
  2 worms (D:3)
  2 bats
  2 endoplasms (D:1)
  A goblin (D:1)
  A hobgoblin (D:2)
  3 quokkas (D:3)
  2 ball pythons (D:1)
  A frilled lizard (D:2)
  2 rats
20 creatures vanquished.

Notes
Turn   | Place    | Note
-------+----------+-------------------------------------------
     0 | D:1      | Gerhazo the Deep Elf Conjurer began the quest for the Orb.
     0 | D:1      | Reached XP level 1. HP: 10/10 MP: 6/6
   223 | D:1      | Reached XP level 2. HP: 14/15 MP: 1/8
   285 | D:1      | Learned a level 2 spell: Searing Ray
   330 | D:2      | Reached skill level 5 in Conjurations
   511 | D:2      | Found a faded altar of an unknown god.
   516 | D:2      | Found Reteom's Book Emporium.
   668 | D:3      | Reached XP level 3. HP: 19/19 MP: 6/10
   871 | D:3      | Succumbed to an adder's poison

Illustrated notes

Levels and vault maps discovered:
D:1:      scummos_arrival_simple_crosswalls, layout_loops_cross,
          roderic_lattice_a
D:2:      layout_loops_corners, basic_ecumenical_altar, basic_altar,
          serial_shops, shop_fountains, st_stairs_11
D:3:      layout_rooms, gup_sewer_entry_spiral, biasface_ghost_orc_armoury,
          grunt_ministairs_8, minmay_door_square, minmay_misc_feat_tiny

Skill      XL: |  1  2  3 |
---------------+----------+-----
Conjurations   | 5 |  5.5
Spellcasting   | 4 |  4.1
Dodging        | |  2.4
Stealth        | |  2.4

Action                     || total
---------------------------++-------
  Melee: Dagger            ||     6
   Cast: Magic Dart        ||    11
         Searing Ray       ||    12
    Use: Scroll            ||     3
         Potion            ||     2
   Stab: Sleeping          ||     1
 Armour: Skin              ||     3
         Robe              ||     2
  Dodge: Dodged            ||     6

Table legend: (Time is in decaauts)
 A = Elapsed time spent in this place.
 B = Non-inter-level travel time spent in this place.
 C = Inter-level travel time spent in this place.
 D = Time resting spent in this place.
 E = Time spent auto-exploring this place.
 F = Levels seen in this place.
 G = Mean time per level.
                   A        B        C        D        E       F      G
               +--------+--------+--------+--------+--------+-----+--------+
         Total |    897 |    849 |     48 |     80 |    510 |   3 |  299.0 |
       Dungeon |    897 |    849 |     48 |     80 |    510 |   3 |  299.0 |
               +--------+--------+--------+--------+--------+-----+--------+

Top non-repeatable levels by time:
     D:2: 357 daAuts
     D:1: 285 daAuts
     D:3: 253 daAuts
